 Dungeon Crawl Stone Soup version 0.22.1-1-ga44c0e56f4 (webtiles) character file.

3549 Lisan the Basher (level 9, 0/78 HPs)
             Began as a Minotaur Fighter on Oct 3, 2018.
             Was a Believer of Kikubaaqudgha.
             Slain by a crocodile (9 damage)
             ... on level 9 of the Dungeon.
             The game lasted 00:53:15 (8201 turns).

Lisan the Basher (Minotaur Fighter)                 Turns: 8201, Time: 00:53:15

Health: 0/78       AC: 20    Str: 31    XL:     9   Next: 83%
Magic:  8/8        EV: 14    Int:  5    God:    Kikubaaqudgha [**....]
Gold:   446        SH:  0    Dex: 20    Spells: 8/8 levels left

rFire    . . .     SeeInvis .   S - +0 quarterstaff
rCold    x . .     Gourm    .   (shield currently unavailable)
rNeg     + . .     Faith    .   F - +3 plate armour {rN+}
rPois    .         Spirit   .   (helmet restricted)
rElec    +         Reflect  .   U - +0 cloak of Sunlight {rElec Str+3 Dex+4} (curse)
rCorr    .         Harm     +   O - +0 pair of gloves
MR       +....                  e - +0 pair of boots
Stlth    ..........             N - amulet of harm
HPRegen  0.23/turn              H - ring of Mineexiqaj {+Fly rC- MR+ Slay+3}
MPRegen  0.11/turn              k - ring of stealth

@: mighty, agile
A: retaliatory headbutt, horns 2
a: Receive Corpses, Renounce Religion, Evoke Flight


You were on level 9 of the Dungeon.
You worshipped Kikubaaqudgha.
Kikubaaqudgha was pleased with you.
You were hungry.

You visited 2 branches of the dungeon, and saw 10 of its levels.

You collected 446 gold pieces.

Inventory:

Hand Weapons
 a - a +0 flail
 j - a +0 mace
 o - a cursed +0 flail
 t - a +0 shortbow
 I - a +0 flail
 M - a +0 flail
 Q - a +1 hunting sling of velocity
 S - a +0 quarterstaff (weapon)
Missiles
 n - 318 stones (quivered)
 v - 107 arrows
Armour
 b - a +0 scale mail
 c - a +0 shield
 e - a +0 pair of boots (worn)
 l - a +0 plate armour
 q - a +0 ring mail
 E - a +0 helmet
 F - a +3 plate armour of positive energy (worn)
 J - a +0 shield
 O - a +0 pair of gloves (worn)
 U - the cursed +0 cloak of Sunlight (worn) {rElec Str+3 Dex+4}
   (You found it on level 8 of the Dungeon)

   It affects your strength (+3).
   It affects your dexterity (+4).
   It insulates you from electricity.
   It has a curse placed upon it.
Jewellery
 k - a ring of stealth (right hand)
 H - the ring of Mineexiqaj (left hand) {+Fly rC- MR+ Slay+3}
   (You found it on level 5 of the Dungeon)

   [ring of protection from magic]

   It affects your accuracy and damage with ranged weapons and melee attacks
   (+3).
   It makes you vulnerable to cold.
   It affects your resistance to hostile enchantments.
   It lets you fly.
 N - an amulet of harm (around neck)
Wands
 p - a wand of scattershot (6)
 K - a wand of disintegration (12)
 V - a wand of digging (18)
Scrolls
 g - a scroll of noise {unknown}
 m - a scroll of random uselessness {unknown}
 r - a scroll of teleportation {unknown}
 u - a scroll of fear {unknown}
 x - a scroll of immolation {unknown}
 y - 2 scrolls of fog
 A - 5 scrolls of remove curse
 C - 2 scrolls of enchant weapon {unknown}
 G - 2 scrolls of amnesia
 P - a scroll of enchant armour
Potions
 d - 2 potions of might
 h - a potion of cancellation {unknown}
 i - a potion of lignification {unknown}
 s - 2 potions of agility
 w - a potion of flight {unknown}
 z - a potion of berserk rage {unknown}
 B - 6 potions of curing
 D - a potion of brilliance {unknown}
 L - a potion of invisibility {unknown}
 R - a potion of mutation {unknown}
Comestibles
 f - 10 rations


   Skills:
 + Level 6.7 Fighting
 + Level 9.5(10.2) Maces & Flails
 + Level 5.5(8.2) Staves
 + Level 3.4 Throwing
 + Level 8.1 Armour
 + Level 2.1 Dodging
 + Level 0.6 Stealth
 + Level 8.2 Shields


You had 8 spell levels left.
You didn't know any spells.
Your spell library contained the following spells:

 Spells                   Type           Power        Failure   Level  Hunger
 Pain                     Necr           #...         99%         1    ##.....
 Sandblast                Erth           #.....       99%         1    ##.....
 Corpse Rot               Necr           N/A          99%         2    ###....
 Passwall                 Tmut/Erth      #.......     99%         2    ###....
 Sublimation of Blood     Necr           #.........   99%         2    ###....
 Regeneration             Chrm/Necr      #.........   100%        3    ####...
 Stone Arrow              Conj/Erth      #.....       100%        3    ####...
 Petrify                  Tmut/Erth      #.......     100%        4    #####..
 Lee's Rapid Deconstruct  Erth           #.........   100%        5    ######.


Dungeon Overview and Level Annotations

Branches:
Dungeon (9/15)             Temple (1/1) D:5            Lair (0/6) D:9
    Orc: D:9-12

Altars:
Ashenzari
Cheibriados
Dithmenos
Elyvilon
Fedhas
Gozag
Hepliaklqana
Kikubaaqudgha
Makhleb
Nemelex Xobeh
Okawaru
Qazlal
Ru
Sif Muna
Trog
Uskayaw
Vehumet
Wu Jian
Xom
Yredelemnul
Zin
The Shining One

Annotations:
D:6 2 transporters
D:7 2 transporters, dengdeng's ghost, novice MiBe


Innate Abilities, Weirdness & Mutations

You reflexively headbutt those who attack you in melee.
You have a pair of horns on your head.


Message History

* * * LOW HITPOINT WARNING * * *
The crocodile bites you!
* * * LOW HITPOINT WARNING * * *
The hippogriff completely misses you. You furiously retaliate!
You headbutt the hippogriff!
The hippogriff pecks you but does no damage.
The hippogriff claws you.
* * * LOW HITPOINT WARNING * * *
The crocodile bites you.
* * * LOW HITPOINT WARNING * * *
It was a potion of agility.
You feel agile all of a sudden.
The hippogriff bites you but does no damage.
The hippogriff closely misses you. The hippogriff misses you.
The crocodile misses you.
Unknown command.
You feel very mighty all of a sudden. The crocodile bites you!
You die...
Kikubaaqudgha rasps: "You have failed me!
Welcome... death!"

#...#............
#...#..##..###..# .##
#...#..##..# ..# ...##
#......##..# ..#
.....##......##..# ..#
......#†..##.##..# ..#
.......^..# .##..#
#..## >.....Ht..#
##..###.... .[..P.t@..#
#......... ......#...##
#.......##
.....##...##.##..##...#
...## #..........##...#
... ....<....).##...# .
...........##...#
....###.##..##...##
....# #.##..##..... #
#.......##


You could see a hippogriff and 2 crocodiles.

Vanquished Creatures
  Joseph (D:8)
  3 hornets
  A hornet zombie (D:7)
  2 sky beasts
  An orc warrior (D:7)
  5 phantoms
  An ogre (D:8)
  2 centaurs
  A big kobold (D:8)
  3 bullfrogs
  An electric eel (D:6)
  2 howler monkeys
  2 crimson imps
  2 bullfrog zombies
  A hound (D:9)
  3 jellies (D:8)
  8 orc wizards
  6 iguanas
  3 orc priests
  2 bullfrog skeletons
  2 centaur skeletons (D:4)
  5 worker ants
  2 worker ant zombies (D:8)
  6 adders
  6 oozes
  3 adder skeletons
  2 worms
  4 dart slugs
  9 leopard geckos
  18 orcs
  5 giant cockroaches
  15 goblins
  6 hobgoblins
  14 jackals
  8 quokkas
  A ball python (D:1)
  3 bats
  3 frilled lizards
  A jackal zombie (D:6)
  13 kobolds
  A quokka zombie (D:8)
  7 rats
184 creatures vanquished.

Notes
Turn   | Place    | Note
-------+----------+-------------------------------------------
     0 | D:1      | Lisan the Minotaur Fighter began the quest for the Orb.
     0 | D:1      | Reached XP level 1. HP: 19/19 MP: 0/0
   346 | D:1      | Reached XP level 2. HP: 27/27 MP: 1/1
   724 | D:1      | Reached XP level 3. HP: 33/33 MP: 2/2
   749 | D:1      | Reached skill level 3 in Maces & Flails
  1229 | D:2      | Reached XP level 4. HP: 40/40 MP: 3/3
  1401 | D:2      | Reached skill level 1 in Dodging
  1483 | D:2      | Found a stormy altar of Qazlal.
  2362 | D:3      | Found a bloodstained altar of Trog.
  2455 | D:3      | Found a shattered altar of Ashenzari.
  3027 | D:4      | Noticed a phantom
  3045 | D:4      | Killed a phantom
  3045 | D:4      | Reached skill level 4 in Maces & Flails
  3045 | D:4      | Reached skill level 5 in Shields
  3045 | D:4      | Reached XP level 5. HP: 46/46 MP: 4/4
  3364 | D:4      | Reached XP level 6. HP: 49/53 MP: 5/5
  3782 | D:5      | Entered Level 5 of the Dungeon
  3799 | D:5      | Got a heavily runed silver ring
  3800 | D:5      | Identified the ring of Mineexiqaj {+Fly rC- MR+ Slay+3}
                  | (You found it on level 5 of the Dungeon)
  3817 | D:5      | Reached skill level 5 in Maces & Flails
  4257 | D:5      | Reached skill level 5 in Armour
  4257 | D:5      | Reached XP level 7. HP: 54/60 MP: 6/6
  4359 | D:5      | Found a staircase to the Ecumenical Temple.
  4467 | Temple   | Entered the Ecumenical Temple
  4556 | Temple   | Became a worshipper of Kikubaaqudgha
  5367 | D:6      | Noticed a kobold demonologist
  5412 | D:6      | Found a transporter.
  5438 | D:6      | Found a transporter.
  6194 | D:7      | Found a transporter.
  6202 | D:7      | Reached skill level 6 in Maces & Flails
  6213 | D:7      | Reached skill level 5 in Fighting
  6288 | D:7      | Reached XP level 8. HP: 65/68 MP: 7/7
  6314 | D:7      | Reached skill level 7 in Maces & Flails
  6362 | D:7      | Found a transporter.
  6362 | D:7      | Noticed dengdeng's ghost (novice MiBe)
  6363 | D:7      | Noticed a troll
  6364 | D:7      | Noticed a tengu conjurer
  6508 | D:7      | Reached * piety under Kikubaaqudgha
  6508 | D:7      | Identified Kikubaaqudgha's Reference Book on Dark Arts
                  | (Kikubaaqudgha gifted it to you on level 7 of the Dungeon)
  6508 | D:7      | Received a gift from Kikubaaqudgha
  6607 | D:7      | Found a glowing silver altar of Zin.
  6607 | D:7      | Found a burning altar of Makhleb.
  6608 | D:7      | Noticed a cacodemon
  6608 | D:7      | Noticed an angel
  6631 | D:7      | Reached skill level 8 in Maces & Flails
  6789 | D:7      | Noticed a hornet
  6794 | D:7      | Killed a hornet
  6794 | D:7      | Reached skill level 1 in Throwing
  6808 | D:7      | Noticed a hornet
  6823 | D:7      | Paralysed by a hornet for 2 turns
  6827 | D:7      | Paralysed by a hornet for 1 turns
  6832 | D:7      | Killed a hornet
  6832 | D:7      | Reached skill level 9 in Maces & Flails
  6832 | D:7      | Reached XP level 9. HP: 19/75 MP: 8/8
  7189 | D:7      | Found a shimmering altar of Xom.
  7189 | D:7      | Found a radiant altar of Vehumet.
  7467 | D:8      | Noticed Joseph
  7479 | D:8      | Killed Joseph
  7614 | D:8      | Found a shimmering altar of Xom.
  7619 | D:8      | Found a shimmering altar of Xom.
  7635 | D:8      | Found a shimmering altar of Xom.
  7637 | D:8      | Found a shimmering altar of Xom.
  7637 | D:8      | Found a shimmering altar of Xom.
  7733 | D:8      | Reached skill level 1 in Staves
  7790 | D:8      | Got a steaming cloak
  7796 | D:8      | Identified the cursed +0 cloak of Sunlight {rElec Str+3
                  | Dex+4} (You found it on level 8 of the Dungeon)
  7820 | D:8      | Reached ** piety under Kikubaaqudgha
  8158 | D:9      | Reached skill level 5 in Staves
  8186 | D:9      | Found a staircase to the Lair.
  8201 | D:9      | Slain by a crocodile

Skill      XL: |  1  2  3  4  5  6  7  8  9 |
---------------+----------------------------+-----
Shields        | 4 5 6 7 8 |  8.2
Fighting       | 4 5 6 |  6.7
Maces & Flails | 3 4 5 6 9 |  9.5
Armour         | 4 5 6 7 8 |  8.1
Dodging        | 1 2 |  2.1
Throwing       | 1 3 |  3.4
Staves         | 5 |  5.5
Stealth        | |  0.6

Action                   |  1- 3 |  4- 6 |  7- 9 || total
-------------------------+-------+-------+-------++-------
Melee: Flail             |   103 |   180 |   133 ||   416
       Headbutt          |    15 |    30 |    53 ||    98
       Quarterstaff      |       |       |    94 ||    94
Throw: Stone             |       |       |    49 ||    49
  Use: Scroll            |     1 |     4 |     6 ||    11
       Potion            |       |     2 |     8 ||    10
  Eat: Ration            |     1 |     1 |     3 ||     5
       Chunk             |       |     4 |     2 ||     6
Armor: Scale mail        |    23 |       |       ||    23
       Ring mail         |    37 |    56 |       ||    93
       Plate armour      |       |    56 |   139 ||   195
Dodge: Dodged            |    40 |    65 |    79 ||   184
Block: Shield            |    57 |   120 |    61 ||   238
